 Dungeon Crawl Stone Soup version 0.27.1-2-g3b301248ec (webtiles) character file.

Game seed: 15900918378652992835

32 Descartes the Grasshopper (level 3, 0/18 HPs)
             Began as a Spriggan Warper on Sept 24, 2021.
             Succumbed to an adder's poison
             ... on level 1 of the Dungeon.
             The game lasted 00:02:17 (1500 turns).

Descartes the Grasshopper (Spriggan Warper)         Turns: 1500, Time: 00:02:18

Health: 0/18       AC:  2    Str:  8    XL:     3   Next: 8%
Magic:  8/8        EV: 18    Int: 14    God:
Gold:   31         SH:  0    Dex: 14    Spells: 2/7 levels left

rFire    . . .     SeeInvis +   a - +0 short sword
rCold    . . .     Faith    .   (shield restricted)
rNeg     . . .     Spirit   .   b - +0 robe
rPois    .         Reflect  .   (helmet restricted)
rElec    .         Harm     .   (no cloak)
rCorr    .         Rampage  .   (gloves unavailable)
Will     .....                  (boots unavailable)
Stlth    ++........             (no amulet)
HPRegen  0.06/turn              (no ring)
MPRegen  0.11/turn              (no ring)

@: lethally poisoned (0 -> -4), very quick
A: very small, no large weapons, unfitting armour, see invisible, speed 3
a: no special abilities


You were on level 1 of the Dungeon.
You visited 1 branch of the dungeon, and saw 2 of its levels.

You collected 63 gold pieces.
You spent 32 gold pieces at shops.

Inventory:

Hand Weapons
 a - a +0 short sword (weapon)
Missiles
 d - 5 boomerangs of dispersal (quivered)
 e - 39 stones
 l - 19 sling bullets
Armour
 b - a +0 robe (worn)
Jewellery
 m - a ring of flight
Scrolls
 c - a scroll of blinking
 f - a scroll of summoning {unknown}
 g - a scroll of identify {unknown}
 h - a scroll of vulnerability {unknown}
 j - 2 scrolls of fog {unknown}
 n - a scroll of noise {unknown}
Potions
 i - a potion of might {unknown}
 k - 2 potions of curing {unknown}


   Skills:
 - Level 1.5 Fighting
 + Level 2.7 Short Blades
 - Level 1.0 Throwing
 + Level 3.7 Dodging
 + Level 2.1 Stealth
 - Level 2.6 Spellcasting
 + Level 4.9 Translocations


You had 2 spell levels left.
You knew the following spells:

 Your Spells              Type           Power      Damage    Failure   Level
a - Blink                 Tloc           N/A        N/A       4%          2
b - Gell's Gravitas       Tloc           7%         N/A       9%          3

Your spell library contained the following spells:

 Spells                   Type           Power      Damage    Failure   Level
 Lesser Beckoning         Tloc           7%         N/A       9%          3
 Teleport Other           Tloc           15%        N/A       9%          3
 Frozen Ramparts          Ice            2%         1d2       54%         3
 Ozocubu's Armour         Ice            1%         N/A       54%         3
 Manifold Assault         Tloc           15%        N/A       63%         5
 Ice Form                 Ice/Tmut       1%         N/A       91%         4
 Summon Ice Beast         Ice/Summ       1%         N/A       91%         4
 Ozocubu's Refrigeration  Ice            0%         4d5       100%        7


Dungeon Overview and Level Annotations

Branches:
Dungeon (2/15)

Altars:

Shops:
D:1 *[


Innate Abilities, Weirdness & Mutations

You are very small and have problems with some larger weapons.
You are too small for most types of armour.
You have supernaturally acute eyesight. (SInv)
You cover ground extremely quickly. (Speed+++)


Message History

You hit the adder but do no damage.
You feel sick. The adder misses you. The adder barely misses you.
You hit the adder.
The adder is moderately wounded.
You feel sick. The adder barely misses you.
You closely miss the adder.
The adder is moderately wounded.
You feel sick. The adder closely misses you.
You closely miss the adder.
The adder is moderately wounded.
You feel sick. The adder closely misses you.
You miss the adder.
The adder is moderately wounded.
You feel sick.
You are no longer poisoned.
The adder misses you. The adder barely misses you.
You closely miss the adder.
The adder is moderately wounded.
The adder bites you.
* * * LOW HITPOINT WARNING * * *
You are lethally poisoned!
The adder poisons you!
You are too injured to fight recklessly!
You are too injured to fight recklessly!
You are too injured to fight recklessly!
You are too injured to fight recklessly!
You are too injured to fight recklessly!
You are too injured to fight recklessly!
You are too injured to fight recklessly!
You are too injured to fight recklessly!
Unknown command.
* * * LOW HITPOINT WARNING * * *
You feel sick.
* * * LOW HITPOINT WARNING * * *
You feel sick.
There is a stone staircase leading up here.
* * * LOW HITPOINT WARNING * * *
You feel sick. The adder barely misses you.
You climb upwards.
You die...

### ##### ####
#####'#########...# #...
#.................####...
#......#@............'...
#..................###...
#........#######...###...
##....#........+...+....)
#....#....#####...###.#.
#....#........).........
##.......#.#..######.#.#.
#........#.#..##...#.#.#.
#####........#.#..#....'.#...


There were no monsters in sight!

Vanquished Creatures
  A dart slug (D:2)
  2 endoplasms (D:1)
  2 giant cockroaches (D:1)
  4 goblins
  A hobgoblin (D:2)
  2 quokkas (D:1)
  4 ball pythons (D:1)
  4 bats (D:1)
  3 frilled lizards (D:2)
  4 kobolds
  3 rats
  A spectral hobgoblin (D:1)
31 creatures vanquished.

Notes
Turn   | Place    | Note
-------+----------+-------------------------------------------
     0 | D:1      | Descartes the Spriggan Warper began the quest for the Orb.
     0 | D:1      | Reached XP level 1. HP: 10/10 MP: 5/5
   220 | D:1      | Reached skill level 1 in Stealth
   234 | D:1      | Reached XP level 2. HP: 13/14 MP: 6/6
   848 | D:1      | Found Kewoil's Antique Armour Boutique.
   911 | D:1      | Found a faded altar of an unknown god.
   974 | D:1      | Found Qoloh's Assorted Antiques.
   986 | D:1      | Bought a bubbling golden potion for 16 gold pieces
   986 | D:1      | Bought a bubbling golden potion for 16 gold pieces
  1323 | D:2      | Reached XP level 3. HP: 17/18 MP: 8/8
  1334 | D:2      | Learned a level 2 spell: Blink
  1338 | D:2      | Learned a level 3 spell: Gell's Gravitas
  1500 | D:1      | Succumbed to an adder's poison

Illustrated notes

Levels and vault maps discovered:
D:1:      dpeg_arrival_signposts, layout_basic,
          dreamdust_ecumenical_altar_drowned_temple, serial_shops,
          nicolae_shop_overgrown_old_shop, nicolae_lakefront_shop
D:2:      layout_basic, chequers_arboretum, minmay_crystal_water,
          grunt_ministairs_7, st_stairs_6

Skill      XL: |  1  2 |
---------------+-------+-----
Stealth        | 1 2 |  2.1
Fighting       | |  1.5
Short Blades   | |  2.7
Throwing       | |  1.0
Dodging        | |  3.7
Spellcasting   | |  2.6
Translocations | |  4.9

Action                   || total
-------------------------++-------
Melee: Short sword       ||    85
 Stab: Sleeping          ||     5
Armor: Robe              ||     9
Dodge: Dodged            ||    49
